[Event "ICC tourney 2601 (40 5)"]
[Site "Internet Chess Club"]
[Date "2021.06.13"]
[Round "6"]
[White "YU, YANG:K01-30094337"]
[Black "JEHIN, RISHIN:K01-30043660"]
[Result "0-1"]
[ICCResult "White checkmated"]
[WhiteElo "981"]
[BlackElo "786"]
[Opening "Giuoco Pianissimo: Canal variation"]
[ECO "C50"]
[NIC "IG.02"]
[Time "17:00:07"]
[PlyCount "140"]
[TimeControl "2400+5"]

1. e4 e5 2. Nf3 Nc6 3. Bc4 Bc5 4. Nc3 Nf6 5. d3 d6 6. Bg5 Bg4 7. h3 Be6 8.
Nd5 Bxd5 9. Bxd5 O-O 10. O-O h6 11. Be3 Bxe3 12. fxe3 Nxd5 13. exd5 Ne7 14.
e4 c6 15. c4 cxd5 16. cxd5 Qb6+ 17. Kh1 Qxb2 18. Qb3 Qxb3 19. axb3 Rfc8 20.
Rfc1 Ng6 21. Rxc8+ Rxc8 22. Rxa7 Nf4 23. Rxb7 Rc1+ 24. Kh2 Rc2 25. Kg1
Rxg2+ 26. Kf1 Rg3 27. Kf2 Rxh3 28. Rd7 Nxd3+ 29. Ke3 Nc5 30. Rxd6 Nxb3 31.
Kf2 f6 32. Rb6 Nc5 33. Nd2 Rh4 34. d6 Kf7 35. Rc6 Nxe4+ 36. Nxe4 Rxe4 37.
Rc7+ Ke6 38. d7 Rd4 39. d8=Q Rxd8 40. Rxg7 Rh8 41. Kg3 h5 42. Kf3 h4 43.
Rg2 h3 44. Rh2 f5 45. Kg3 e4 46. Rxh3 Rxh3+ 47. Kxh3 f4 48. Kg2 e3 49. Kf1
f3 50. Ke1 f2+ 51. Ke2 Ke5 52. Kf1 Kd4 53. Ke2 Ke4 54. Kf1 Kd3 55. Kg2 e2
56. Kxf2 Kd2 57. Kf3 e1=Q 58. Kf4 Qe2 59. Kf5 Qe3 60. Kg4 Qf2 61. Kh3 Qg1
62. Kh4 Qg2 63. Kh5 Qg3 64. Kh6 Qg4 65. Kh7 Qg5 66. Kh8 Ke3 67. Kh7 Kf4 68.
Kh8 Kf5 69. Kh7 Kf6 70. Kh8 Qg7# { White checkmated } 0-1

[Event "ICC tourney 2601 (40 5)"]
[Site "Internet Chess Club"]
[Date "2021.06.13"]
[Round "6"]
[White "HAO, RYAN:K01-17217725"]
[Black "CHETLAPALLI, VISHNU:K01-30144870"]
[Result "0-1"]
[ICCResult "White checkmated"]
[WhiteElo "135"]
[BlackElo "1069"]
[Opening "Three knights game"]
[ECO "C46"]
[NIC "KP.06"]
[Time "17:00:51"]
[PlyCount "60"]
[TimeControl "2400+5"]

1. e4 e5 2. Nf3 Nc6 3. Nc3 Bc5 4. Bb5 d6 5. O-O Bd7 6. d3 Nf6 7. h3 O-O 8.
Bg5 Be6 9. Nd5 Bxd5 10. exd5 Nd4 11. Nxd4 Bxd4 12. c3 Bb6 13. Re1 a6 14.
Bc4 c6 15. dxc6 bxc6 16. d4 e4 17. Bxf6 Qxf6 18. Qa4 d5 19. Be2 Bc7 20.
Rad1 Qd6 21. g3 e3 22. f4 g5 23. Rf1 Kh8 24. Qc2 Rg8 25. Qf5 gxf4 26. Qxf7
Rxg3+ 27. Kh2 f3 28. Rxf3 Rg2+ 29. Kxg2 Qh2+ 30. Kf1 Qh1# { White
checkmated } 0-1

[Event "ICC tourney 2601 (40 5)"]
[Site "Internet Chess Club"]
[Date "2021.06.13"]
[Round "6"]
[White "WU, WINSTON:K01-30022609"]
[Black "LIN, CARL:K01-17110834"]
[Result "1-0"]
[ICCResult "Black checkmated"]
[WhiteElo "1214"]
[BlackElo "313"]
[Opening "Giuoco Piano"]
[ECO "C54"]
[NIC "IG.02"]
[Time "17:00:34"]
[PlyCount "117"]
[TimeControl "2400+5"]

1. e4 e5 2. Nf3 Nc6 3. Bc4 Bc5 4. c3 Nf6 5. d3 h6 6. a4 a5 7. O-O d6 8.
Nbd2 Bg4 9. Re1 O-O 10. Nf1 Be6 11. Ba2 Ne7 12. Ng3 Bxa2 13. Rxa2 Ng6 14.
h3 Qe7 15. d4 exd4 16. cxd4 Bb4 17. Re3 Qe6 18. d5 Qd7 19. Re2 Rfe8 20. Qc2
Qd8 21. Nf5 Ne7 22. Ng3 Nd7 23. Bd2 Bxd2 24. Rxd2 Ng6 25. Qc3 Nde5 26. Nxe5
Nxe5 27. f4 Ng6 28. Nh5 f6 29. Qg3 Qe7 30. Qxg6 Qf7 31. Qxf7+ Kxf7 32. Ng3
g5 33. fxg5 fxg5 34. Rf2+ Kg6 35. b3 h5 36. Rae2 Re5 37. Rf5 Rxf5 38. exf5+
Kf6 39. Re6+ Kf7 40. Nxh5 Rh8 41. Nf6 Rh6 42. Ne4 Rxe6 43. fxe6+ Kg6 44.
Nxg5 Kxg5 45. e7 Kf6 46. e8=Q Kg7 47. Qe6 Kf8 48. h4 Kg7 49. h5 Kf8 50. h6
c5 51. h7 Kg7 52. Qe7+ Kh8 53. g4 c4 54. Qf6+ Kxh7 55. g5 cxb3 56. g6+ Kh6
57. g7+ Kh5 58. g8=Q b2 59. Qgg5# { Black checkmated } 1-0

[Event "ICC tourney 2601 (40 5)"]
[Site "Internet Chess Club"]
[Date "2021.06.13"]
[Round "6"]
[White "ZHAO, ERICA:K01-17156172"]
[Black "LOKHOV, MICHAEL VINCE:K01-17191193"]
[Result "0-1"]
[ICCResult "White checkmated"]
[WhiteElo "463"]
[BlackElo "395"]
[Opening "two knights defense: Kieseritsky variation"]
[ECO "C58"]
[NIC "KP.01"]
[Time "17:00:26"]
[PlyCount "58"]
[TimeControl "2400+5"]

1. e4 e5 2. Nf3 Nc6 3. Bc4 Nf6 4. Ng5 d5 5. exd5 Na5 6. d3 h6 7. Nf3 e4 8.
dxe4 Nxc4 9. Nc3 Bc5 10. O-O O-O 11. Bf4 Nxb2 12. Qb1 Nc4 13. Qb5 Bd6 14.
e5 Bxe5 15. Bxe5 Nxe5 16. Nxe5 Re8 17. Rfe1 a6 18. Qb3 Bf5 19. Qxb7 Qd6 20.
Nc4 Qd7 21. Rxe8+ Rxe8 22. Qc6 Qe7 23. Ne3 Ng4 24. Re1 Bxc2 25. Qxa6 Bf5
26. Qb7 Qe5 27. Qb2 Qxh2+ 28. Kf1 Bd3+ 29. Re2 Qh1# { White checkmated }
0-1

[Event "ICC tourney 2601 (40 5)"]
[Site "Internet Chess Club"]
[Date "2021.06.13"]
[Round "6"]
[White "YANG, LUCAS:K01-16740405"]
[Black "MERRIMAN, DANN:K01-17079355"]
[Result "0-1"]
[ICCResult "White checkmated"]
[WhiteElo "1049"]
[BlackElo "728"]
[Opening "Three knights game"]
[ECO "C46"]
[NIC "KP.06"]
[Time "17:00:13"]
[PlyCount "104"]
[TimeControl "2400+5"]

1. e4 e5 2. Nf3 Nc6 3. Nc3 Bc5 4. Nxe5 Nxe5 5. d4 Bd6 6. dxe5 Bxe5 7. f4
Bxc3+ 8. bxc3 d5 9. exd5 Nf6 10. Bb5+ Bd7 11. Bxd7+ Qxd7 12. c4 O-O-O 13.
O-O c6 14. Be3 cxd5 15. cxd5 Nxd5 16. Bxa7 b6 17. c4 Ne3 18. Qxd7+ Rxd7 19.
Rfe1 Nc2 20. Bxb6 Nxa1 21. Rxa1 Kb7 22. c5 Ra8 23. h3 Rd3 24. Kh2 Rd4 25.
Kg3 Rda4 26. Re1 Ra3+ 27. Kh2 Rf8 28. Re2 Kc6 29. Rc2 Rfa8 30. Rd2 R3a4 31.
Kg3 Rxa2 32. Rxa2 Rxa2 33. Kf3 Rb2 34. g3 Rc2 35. Ke4 Rc3 36. g4 Rxh3 37.
Kf5 Rg3 38. g5 h5 39. gxh6 gxh6 40. Ba5 h5 41. Be1 Rg1 42. Bh4 Rg6 43. Ke5
Kxc5 44. f5 Rg4 45. Bd8 h4 46. Bxh4 Rxh4 47. Kf6 Rh7 48. Ke7 Kd5 49. f6 Ke5
50. Kf8 Kxf6 51. Kg8 Rh1 52. Kf8 Rh8# { White checkmated } 0-1

[Event "ICC tourney 2601 (40 5)"]
[Site "Internet Chess Club"]
[Date "2021.06.13"]
[Round "6"]
[White "PATEL, RAZA MIKAL:K01-17166561"]
[Black "ZOU, ANDREW:K01-30100762"]
[Result "0-1"]
[ICCResult "White resigns"]
[WhiteElo "595"]
[BlackElo "1301"]
[Opening "Sicilian: closed"]
[ECO "B24"]
[NIC "SI.44"]
[Time "17:00:12"]
[PlyCount "84"]
[TimeControl "2400+5"]

1. e4 c5 2. Nc3 Nc6 3. g3 e6 4. Bg2 Nf6 5. Nge2 Be7 6. O-O O-O 7. h3 d5 8.
exd5 exd5 9. d4 c4 10. f4 Bb4 11. g4 Bxc3 12. Nxc3 Qb6 13. Nxd5 Nxd5 14.
Bxd5 Qxd4+ 15. Qxd4 Nxd4 16. c3 Ne2+ 17. Kg2 Nxc1 18. Raxc1 Be6 19. Bxe6
fxe6 20. Kg3 Rad8 21. Rcd1 Kf7 22. f5 e5 23. Rfe1 Kf6 24. Kf3 Rfe8 25. Ke4
Kg5 26. Rd5 Kh4 27. Red1 Rxd5 28. Rxd5 Kxh3 29. Rxe5 Rxe5+ 30. Kxe5 Kxg4
31. Ke4 h5 32. Ke3 Kxf5 33. Kf3 g5 34. Kg3 Ke4 35. Kh3 Kd3 36. Kg3 Kc2 37.
b4 Kxc3 38. b5 Kb4 39. Kf3 c3 40. Ke3 h4 41. b6 axb6 42. Kd3 h3 { White
resigns } 0-1

[Event "ICC tourney 2601 (40 5)"]
[Site "Internet Chess Club"]
[Date "2021.06.13"]
[Round "6"]
[White "XU, OWEN:K01-30020820"]
[Black "EMERSON COYLE, DELILAH M:K01-16984051"]
[Result "1-0"]
[ICCResult "Black checkmated"]
[WhiteElo "1127"]
[BlackElo "943"]
[Opening "Ruy Lopez: Berlin defense, Beverwijk variation"]
[ECO "C64"]
[NIC "RL.01"]
[Time "17:00:20"]
[PlyCount "61"]
[TimeControl "2400+5"]

1. e4 e5 2. Nf3 Nc6 3. Bb5 Bc5 4. O-O Nf6 5. Bxc6 dxc6 6. Nxe5 O-O 7. d3
Re8 8. Nf3 Bg4 9. c3 Bd6 10. h3 Bh5 11. Nbd2 Qd7 12. Re1 Bf4 13. Nf1 Rad8
14. Bxf4 Qxd3 15. Ng3 Bxf3 16. Qxf3 Qc2 17. Qe2 Qa4 18. Bxc7 Rd7 19. Bf4
Red8 20. b3 Qa5 21. b4 Qa4 22. Bg5 Rd3 23. Bxf6 gxf6 24. Qg4+ Kh8 25. Nf5
Rg8 26. Qh4 Rg6 27. Ne7 Rg5 28. Qh6 Rg7 29. Qxf6 Qb5 30. Nf5 Rd6 31. Qxg7#
{ Black checkmated } 1-0

[Event "ICC tourney 2601 (40 5)"]
[Site "Internet Chess Club"]
[Date "2021.06.13"]
[Round "6"]
[White "SU, WINTER:K01-30067922"]
[Black "HANKE, HARVEY:K01-17137475"]
[Result "1-0"]
[ICCResult "Black checkmated"]
[WhiteElo "912"]
[BlackElo "1132"]
[Opening "Four knights: Scotch, 4...exd4"]
[ECO "C47"]
[NIC "KP.06"]
[Time "17:00:11"]
[PlyCount "69"]
[TimeControl "2400+5"]

1. e4 e5 2. Nf3 Nc6 3. Nc3 Nf6 4. d4 exd4 5. Nxd4 Bb4 6. Nxc6 bxc6 7. Bd3
d5 8. exd5 cxd5 9. O-O O-O 10. a3 Bxc3 11. bxc3 Be6 12. Re1 c6 13. Bg5 h6
14. Bh4 g5 15. Bg3 Bg4 16. f3 Bh5 17. h4 Nh7 18. Bxh7+ Kxh7 19. Qd4 Rg8 20.
Qe5 Qb6+ 21. Bf2 Qd8 22. g4 Bg6 23. h5 Bxc2 24. Rac1 Bd3 25. Rcd1 Bc2 26.
Rd2 Bb3 27. Qf5+ Kg7 28. Bd4+ Kf8 29. Bc5+ Kg7 30. Qe5+ Kh7 31. Qf5+ Kg7
32. Re7 Rf8 33. Qg6+ Kh8 34. Bd4+ f6 35. Qg7# { Black checkmated } 1-0

[Event "ICC tourney 2601 (40 5)"]
[Site "Internet Chess Club"]
[Date "2021.06.13"]
[Round "6"]
[White "AYYAPPAN, SANTHOSH:K01-16959235"]
[Black "DEBMISRA, ARIV:K01-17314200"]
[Result "0-1"]
[ICCResult "White checkmated"]
[WhiteElo "1641"]
[BlackElo "308"]
[Opening "Scandinavian gambit"]
[ECO "B01"]
[NIC "SD.03"]
[Time "17:00:11"]
[PlyCount "76"]
[TimeControl "2400+5"]

1. e4 d5 2. exd5 Nf6 3. c4 c6 4. dxc6 Nxc6 5. Nc3 e5 6. d3 Bf5 7. Nf3 Be7
8. Be2 O-O 9. O-O Qc7 10. Nb5 Qd7 11. Be3 a6 12. Nc3 Rfd8 13. Bb6 Re8 14.
Qd2 Qd6 15. a3 Nd4 16. Bxd4 exd4 17. Na2 Rad8 18. Nc1 Ng4 19. h3 Ne5 20.
Nxe5 Qxe5 21. f4 Qf6 22. Bf3 Qg6 23. Kh2 Rb8 24. g4 Bd7 25. Ne2 Bc5 26. b4
Ba7 27. Ng3 Re3 28. f5 Qd6 29. Rae1 Rbe8 30. c5 Qc7 31. Re2 Rxe2+ 32. Bxe2
Bb8 33. Rg1 Re3 34. Qe1 Qe5 35. Kh1 Bc6+ 36. Rg2 Rxg3 37. Qd1 Rxg2 38. Qg1
Rh2# { White checkmated } 0-1

[Event "ICC tourney 2601 (40 5)"]
[Site "Internet Chess Club"]
[Date "2021.06.13"]
[Round "6"]
[White "CHANG, ANDREW:K01-30098602"]
[Black "MARTIN, CHARLOTTE LI:K01-30136112"]
[Result "1-0"]
[ICCResult "Black checkmated"]
[WhiteElo "774"]
[BlackElo "631"]
[Opening "Scotch: Schmidt variation"]
[ECO "C45"]
[NIC "SO.04"]
[Time "17:00:18"]
[PlyCount "59"]
[TimeControl "2400+5"]

1. e4 e5 2. Nf3 Nc6 3. d4 exd4 4. Nxd4 Nf6 5. Nc3 Bb4 6. Nxc6 bxc6 7. Bd3
d5 8. O-O O-O 9. e5 Ng4 10. Bf4 Be6 11. h3 Nh6 12. Bxh6 gxh6 13. Rb1 Kh8
14. a3 Be7 15. Re1 Rg8 16. Qf3 d4 17. Ne4 Bd5 18. Qf4 Bg5 19. Nxg5 hxg5 20.
Qxd4 Be6 21. Qc3 Qd7 22. Bc4 Qe7 23. Bxe6 Qxe6 24. Re3 Rad8 25. Rf3 Rdf8
26. Rf6 Qe7 27. e6 Qe8 28. exf7 Qc8 29. Rg6+ Rg7 30. Qxg7# { Black
checkmated } 1-0

[Event "ICC tourney 2601 (40 5)"]
[Site "Internet Chess Club"]
[Date "2021.06.13"]
[Round "6"]
[White "QU, BRIAN:K01-30017435"]
[Black "SMIRNOV, ALEXANDER:K01-30029349"]
[Result "0-1"]
[ICCResult "White checkmated"]
[WhiteElo "1482"]
[BlackElo "885"]
[Opening "Petrov: French attack"]
[ECO "C42"]
[NIC "RG.03"]
[Time "17:00:13"]
[PlyCount "112"]
[TimeControl "2400+5"]

1. e4 e5 2. Nf3 Nf6 3. Nxe5 d6 4. Nf3 Nxe4 5. d3 Nf6 6. Be3 b6 7. Be2 Bb7
8. Nbd2 Nc6 9. O-O Qd7 10. Re1 O-O-O 11. c4 Kb8 12. a4 g6 13. d4 Bg7 14. c5
dxc5 15. dxc5 Rhe8 16. Nc4 Qxd1 17. Rexd1 Nd5 18. Bd3 Nxe3 19. fxe3 Nb4 20.
Be2 Na6 21. cxb6 cxb6 22. Nd6 Rxe3 23. Nxb7 Rxd1+ 24. Rxd1 Kxb7 25. Bxa6+
Kxa6 26. Rd7 Bxb2 27. Rxf7 h6 28. Rh7 h5 29. Kf2 Ra3 30. Rh6 Rxa4 31. Rxg6
Bd4+ 32. Nxd4 Rxd4 33. Rh6 Rd5 34. Kg3 Ka5 35. Kh4 b5 36. Rc6 b4 37. Rc1
Kb5 38. Rb1 a5 39. Kg3 a4 40. Ra1 b3 41. Rb1 Kb4 42. Kf3 a3 43. Ke4 Rd2 44.
Ke3 Rb2 45. Ra1 a2 46. Kd3 Rb1 47. Rxb1 axb1=Q+ 48. Kd2 Qc2+ 49. Ke3 b2 50.
Kd4 b1=Q 51. Ke3 Qd3+ 52. Kf4 Qe4+ 53. Kg5 Qg4+ 54. Kf6 Qbf5+ 55. Ke7 Qe6+
56. Kd8 Qd7# { White checkmated } 0-1

[Event "ICC tourney 2601 (40 5)"]
[Site "Internet Chess Club"]
[Date "2021.06.13"]
[Round "6"]
[White "INDUKURI, SUHAS:K01-16887781"]
[Black "SHANGIN, LEV:K01-17117362"]
[Result "1/2-1/2"]
[ICCResult "Game drawn by mutual agreement"]
[WhiteElo "836"]
[BlackElo "1044"]
[Opening "Sicilian: accelerated fianchetto, Maróczy bind, 6.Be3"]
[ECO "B38"]
[NIC "SI.33"]
[Time "17:00:22"]
[PlyCount "108"]
[TimeControl "2400+5"]

1. e4 c5 2. Nf3 Nc6 3. d4 cxd4 4. Nxd4 g6 5. c4 Bg7 6. Be3 Nf6 7. Nc3 O-O
8. Be2 d6 9. O-O Bd7 10. Qd2 Nxd4 11. Bxd4 Bc6 12. f3 a5 13. a4 Nd7 14. Kh1
Nc5 15. Bxg7 Kxg7 16. Qc2 Qd7 17. b3 Ra6 18. Nb5 b6 19. Rad1 Bxb5 20. axb5
Raa8 21. e5 Nb7 22. Bd3 Qc7 23. exd6 Nxd6 24. Be4 Nxe4 25. Qxe4 Rad8 26.
Qe3 e6 27. Qc3+ Kg8 28. b4 axb4 29. Qxb4 Rd7 30. Rxd7 Qxd7 31. Qb3 Rd8 32.
Qc2 Qd4 33. h3 Qf4 34. Rd1 Rd4 35. Rxd4 Qxd4 36. Kh2 Qd6+ 37. Kh1 h5 38.
Qe4 Kg7 39. Kg1 Kf8 40. Qa8+ Kg7 41. Qc6 Qd4+ 42. Kh1 Qa1+ 43. Kh2 Qe5+ 44.
Kh1 Qa1+ 45. Kh2 Qe5+ 46. Kh1 Qa1+ 47. Kh2 Qe5+ 48. Kh1 Qa1+ 49. Kh2 Qe5+
50. Kh1 Qa1+ 51. Kh2 Qe5+ 52. Kh1 Qa1+ 53. Kh2 Qe5+ 54. Kh1 Qd4 { Game
drawn by mutual agreement } 1/2-1/2

[Event "ICC tourney 2601 (40 5)"]
[Site "Internet Chess Club"]
[Date "2021.06.13"]
[Round "6"]
[White "KASHYAP, MANISHB:K01-16792955"]
[Black "YUE, TARIQ:K01-30014129"]
[Result "1-0"]
[ICCResult "Black resigns"]
[WhiteElo "1057"]
[BlackElo "1470"]
[Opening "Sicilian: Sozin, not Scheveningen"]
[ECO "B57"]
[NIC "SI.25"]
[Time "17:00:11"]
[PlyCount "97"]
[TimeControl "2400+5"]

1. e4 c5 2. Nf3 Nc6 3. d4 cxd4 4. Nxd4 Nf6 5. Nc3 d6 6. Bc4 g6 7. Nxc6 bxc6
8. Bg5 Bg7 9. Qd2 O-O 10. Rd1 Qb6 11. b3 Ng4 12. O-O Re8 13. h3 Ne5 14. Be2
Bb7 15. Bh6 c5 16. Bxg7 Kxg7 17. a4 Rac8 18. Nd5 Bxd5 19. exd5 c4 20. b4 c3
21. Qd4 Rb8 22. Qxb6 Rxb6 23. f4 Nd7 24. Rd4 Nf6 25. Bb5 Reb8 26. Rb1 h5
27. Bc6 a5 28. b5 Rc8 29. Rb3 Rc7 30. Rxc3 Nd7 31. Re3 Nc5 32. Kf2 f5 33.
Kf3 Kf6 34. Ke2 h4 35. Kd2 Ne4+ 36. Kd3 Kg7 37. Kc4 Kh6 38. Kb3 g5 39.
fxg5+ Kxg5 40. Kc4 Kf4 41. Kd3 Rc8 42. Rf3+ Ke5 43. Rxf5+ Kxf5 44. Bd7+ Kg5
45. Bxc8 Nf6 46. Be6 Rb7 47. Rc4 Kh5 48. Rc6 Ra7 49. Ra6 { Black resigns }
1-0

[Event "ICC tourney 2601 (40 5)"]
[Site "Internet Chess Club"]
[Date "2021.06.13"]
[Round "6"]
[White "LIN, MICHAEL:K01-17281737"]
[Black "YE, WANRU:K01-30135407"]
[Result "1/2-1/2"]
[ICCResult "Game drawn because neither player has mating material"]
[WhiteElo "520"]
[BlackElo "684"]
[Opening "two knights defense: Fegatello attack"]
[ECO "C57"]
[NIC "KP.01"]
[Time "17:00:12"]
[PlyCount "238"]
[TimeControl "2400+5"]

1. e4 e5 2. Nf3 Nc6 3. Bc4 Nf6 4. Ng5 d5 5. exd5 Nxd5 6. Nxf7 Kxf7 7. Qf3+
Ke8 8. Bxd5 Qf6 9. Bxc6+ Qxc6 10. Qxc6+ bxc6 11. Nc3 Bb4 12. O-O Bf5 13. d3
Bxc3 14. bxc3 Kd7 15. Re1 Rhe8 16. Rb1 Kd6 17. f3 Rab8 18. Ba3+ Kd5 19. Kf2
Rxb1 20. Rxb1 h5 21. Rb7 a5 22. Rxc7 g5 23. h3 g4 24. hxg4 hxg4 25. Ra7
gxf3 26. gxf3 Rh8 27. Rxa5+ Ke6 28. Ke2 Rh2+ 29. Kd1 Rh1+ 30. Kd2 Rh2+ 31.
Kc1 Rh1+ 32. Kb2 Rf1 33. Ra6 Rxf3 34. Rxc6+ Kd7 35. Rd6+ Kc7 36. Rf6 e4 37.
dxe4 Bxe4 38. Rxf3 Bxf3 39. Bc5 Kc6 40. Bd4 Kb5 41. Kb3 Bd5+ 42. Ka3 Be4
43. Kb2 Bd5 44. a3 Ka4 45. Bc5 Be4 46. c4 Bc6 47. Kc3 Be4 48. Bb4 Bc6 49.
Kd4 Bf3 50. c5 Kb5 51. c4+ Kc6 52. a4 Bd1 53. a5 Bg4 54. Ke5 Kc7 55. Kd4
Bc8 56. Kc3 Kc6 57. Kb2 Kc7 58. Ka3 Kc6 59. Ka4 Kc7 60. Kb5 Bd7+ 61. Ka6
Bc8+ 62. Kb5 Bd7+ 63. c6 Bxc6+ 64. Kc5 Bd7 65. Bc3 Be6 66. Be5+ Kb7 67. Kb5
Bd7+ 68. Kb4 Kc6 69. c5 Kb7 70. Bd6 Bc6 71. Kc4 Bd7 72. Kd5 Ka6 73. Bc7 Kb7
74. Bb6 Ka6 75. Kd6 Bb5 76. Kc7 Ba4 77. Kd6 Bb5 78. Bd8 Ba4 79. Bb6 Bb5 80.
Kc7 Ba4 81. Kb8 Bb5 82. Kc8 Ba4 83. Kc7 Bb5 84. c6 Ba4 85. Kd7 Bxc6+ 86.
Kc7 Ba4 87. Kb8 Bb5 88. Kc8 Ba4 89. Kb8 Bb5 90. Kc8 Ba4 91. Kb8 Bb5 92. Kc8
Ba4 93. Kb8 Bb5 94. Kc7 Ba4 95. Kd6 Bb5 96. Ke5 Ba4 97. Kd6 Bb5 98. Kc7 Ba4
99. Kb8 Bb5 100. Ka8 Ba4 101. Kb8 Bb5 102. Kc7 Ba4 103. Kd6 Bb5 104. Kc5
Ba4 105. Kc4 Bd7 106. Kb4 Bc6 107. Bc5 Bd7 108. Be7 Bc6 109. Kc4 Bb5+ 110.
Kb4 Bc6 111. Bh4 Bb5 112. Bf2 Bc6 113. Ba7 Bb5 114. Kb3 Bc6 115. Bb6 Bb5
116. Bd8 Bc6 117. Bc7 Bb5 118. Bg3 Bc6 119. Kc3 Kxa5 { Game drawn because
neither player has mating material } 1/2-1/2